[Event "Late-Titled-Tuesday-Blitz-January-16-2024"]
[Site "Chess.com"]
[Date "2024.01.16"]
[Round "4"]
[White "GAusal"]
[Black "Trovita84"]
[Result "0-1"]
[WhiteElo "2271"]
[BlackElo "2114"]
[TimeControl "180+1"]
[EndTime "14:33:34 PST"]
[Termination "Trovita84 won by checkmate"]

1. d4 Nf6 2. Nf3 d5 3. Bf4 c5 4. e3 Nc6 5. c3 Qb6 6. b3 cxd4 7. exd4 Bf5 8. Nbd2 e5 9. dxe5 Ne4 10. Nxe4 dxe4 11. Nd4 Nxd4 12. cxd4 Rd8 13. Be3 Bb4+ 14. Bd2 Rxd4 15.
Bc4 Rxd2 16. Qh5 Qxf2# 0-1

[Event "Late-Titled-Tuesday-Blitz-January-16-2024"]
[Site "Chess.com"]
[Date "2024.01.16"]
[Round "4"]
[White "jup1978"]
[Black "Agibileg"]
[Result "0-1"]
[WhiteElo "2478"]
[BlackElo "2684"]
[TimeControl "180+1"]
[EndTime "14:33:35 PST"]
[Termination "Agibileg won by resignation"]

1. e4 e5 2. Nf3 Nc6 3. Bc4 Nf6 4. d3 h6 5. O-O d6 6. a3 g5 7. Nc3 Bg7 8. Nd5 Bg4 9. c3 Qd7 10. Nxf6+ Bxf6 11. d4 exd4 12. cxd4 Nxd4 13. Be3 Nxf3+ 14. gxf3 Be6 15. Qb3 Bxc4 16. Qxc4 O-O 17. Rac1 c6 18. b4 Qh3 19. f4 Qg4+ 20. Kh1 Qf3+ 21. Kg1 gxf4 22. Bd4 Kh7 0-1

[Event "Late-Titled-Tuesday-Blitz-January-16-2024"]
[Site "Chess.com"]
[Date "2024.01.16"]
[Round "4"]
[White "GMAkobianSTL"]
[Black "Mikhail_Golubev"]
[Result "1-0"]
[WhiteElo "2704"]
[BlackElo "2532"]
[TimeControl "180+1"]
[EndTime "14:33:42 PST"]
[Termination "GMAkobianSTL won by resignation"]

1. d4 Nf6 2. c4 g6 3. Nc3 Bg7 4. Nf3 d6 5. Bg5 O-O 6. e3 c5 7. d5 e6 8. Nd2 h6 9. Bh4 exd5 10. cxd5 Re8 11. Be2 Na6 12. O-O Nc7 13. e4 a6 14.
a4 Rb8 15. a5 Bd7 16. Nc4 Nb5 17. Nxb5 Bxb5 18. f3 g5 19. Bf2 Nh5 20. g3 Bxb2 21. Nxb2 1-0

[Event "Late-Titled-Tuesday-Blitz-January-16-2024"]
[Site "Chess.com"]
[Date "2024.01.16"]
[Round "4"]
[White "Godzillator"]
[Black "danshev16"]
[Result "0-1"]
[WhiteElo "2339"]
[BlackElo "2529"]
[TimeControl "180+1"]
[EndTime "14:34:06 PST"]
[Termination "danshev16 won by checkmate"]

1. d4 c6 2. Nf3 d6 3. b3 Nd7 4.
Bb2 h6 5. e3 g5 6. Be2 h5 7. h3 Bg7 8. c4 Ngf6 9. Nbd2 g4 10. hxg4 hxg4 11. Rxh8+ Bxh8 12. Ng5 Qa5 13. f4 gxf3 14.
Nxf3 Ng4 15. e4 Ne3 16. Qc1 Nf6 17. Kf2 Nfg4+ 18. Kg1 Qh5 19. Nf1 Nxf1 20. Bxf1 Bd7 21. Qg5 Qh7 22. Re1 Bf6 23. Qf4 O-O-O 24. e5 Rh8 25. Nh2 Nxh2 26. exf6 Ng4 27. fxe7 Qh1# 0-1

[Event "Late-Titled-Tuesday-Blitz-January-16-2024"]
[Site "Chess.com"]
[Date "2024.01.16"]
[Round "4"]
[White "Road2GM3000"]
[Black "Pachonpower"]
[Result "1-0"]
[WhiteElo "2487"]
[BlackElo "2265"]
[TimeControl "180+1"]
[EndTime "14:34:08 PST"]
[Termination "Road2GM3000 won by resignation"]

1. d4 f5 2. c4 e6 3. Nf3 Nf6 4. g3 b6 5. Bg2 Bb7 6. O-O Be7 7.
Nc3 O-O 8. d5 Bb4 9. Bg5 Qe8 10.
Bxf6 Rxf6 11. Ne5 d6 12. Nd3 Bxc3 13. bxc3 e5 14. e4 f4 15. gxf4 exf4 16. Qg4 Nd7 17. Nxf4 Ne5 18. Qh4 h6 19. Ne6 Bc8 20. f4 Nxc4 21.
Bh3 Ne3 22. Rf3 Nc4 23. Rg3 Bxe6 24. Qxf6 1-0

[Event "Late-Titled-Tuesday-Blitz-January-16-2024"]
[Site "Chess.com"]
[Date "2024.01.16"]
[Round "4"]
[White "Cheer_Down"]
[Black "SipkeErnst"]
[Result "0-1"]
[WhiteElo "2468"]
[BlackElo "2679"]
[TimeControl "180+1"]
[EndTime "14:34:12 PST"]
[Termination "SipkeErnst won by resignation"]

1. d4 d5 2. c4 c6 3. Nf3 Nf6 4. Nc3 dxc4 5. e4 b5 6. Be2 e6 7. O-O Be7 8. e5 Nd5 9. Ne4 Nd7 10. a4 Bb7 11. b3 O-O 12. bxc4 bxc4 13. Bxc4 c5 14. Ba3 N5b6 15. Bd3 cxd4 16. a5 Bxa3 17. Rxa3 Nc4 18. Ra4 Nb2 19. Qb3 Bxe4 20. Bxe4 Nxa4 21.
Qxa4 Nc5 0-1

[Event "Late-Titled-Tuesday-Blitz-January-16-2024"]
[Site "Chess.com"]
[Date "2024.01.16"]
[Round "4"]
[White "orestn"]
[Black "Anna20240"]
[Result "1-0"]
[WhiteElo "2435"]
[BlackElo "1015"]
[TimeControl "180+1"]
[EndTime "14:34:27 PST"]
[Termination "orestn won by resignation"]

1. e4 c6 2. d4 d5 3. Nc3 dxe4 4. Nxe4 Bf5 5. Ng3 Bg6 6. h4 h6 7. h5 Bh7 8. Nf3 Nd7 9. Bd3 Bxd3 10. Qxd3 Ngf6 11. Bd2 e6 12. O-O-O Qc7 13. Ne4 Nxe4 14. Qxe4 Nf6 15. Qe2 O-O-O 16. g3 Bd6 17. c4 Rhe8 18. Bc3 c5 19. dxc5 Bxc5 20. Ne5 Bd6 21. f4 Rg8 22.
Kb1 Kb8 23. Rd3 Bxe5 24. Bxe5 1-0

[Event "Late-Titled-Tuesday-Blitz-January-16-2024"]
[Site "Chess.com"]
[Date "2024.01.16"]
[Round "4"]
[White "GMFYHR1"]
[Black "chucksterf10"]
[Result "0-1"]
[WhiteElo "2459"]
[BlackElo "2634"]
[TimeControl "180+1"]
[EndTime "14:34:30 PST"]
[Termination "chucksterf10 won by checkmate"]

1. e4 g6 2. d4 Bg7 3. Nc3 a6 4. f4 b5 5. Nf3 Bb7 6. Bd3 d6 7.
O-O Nd7 8. Qe2 c5 9. e5 cxd4 10.
Nxd4 dxe5 11. fxe5 Nxe5 12. Nb3 Nxd3 13. cxd3 Nf6 14. Nc5 Bc6 15. N3e4 Nxe4 16. Nxe4 O-O 17. Bg5 Qd4+ 18. Kh1 Qxb2 19. Qe3 Qd4 20. Qe2 Qxa1 21.
Rxa1 Bxa1 22. Bxe7 Rfe8 23. Bf6 Rxe4 24. dxe4 Bxf6 25.
Qc2 Bb7 26. h3 Re8 27. Qc7 Bxe4 28. Qb6 Re6 29. Qb8+ Kg7 30. Kg1 Bd4+ 31. Kf1 Bd3# 0-1

[Event "Late-Titled-Tuesday-Blitz-January-16-2024"]
[Site "Chess.com"]
[Date "2024.01.16"]
[Round "4"]
[White "bescmelasti"]
[Black "tolimachess"]
[Result "1-0"]
[WhiteElo "2664"]
[BlackElo "2438"]
[TimeControl "180+1"]
[EndTime "14:34:41 PST"]
[Termination "bescmelasti won on time"]

1. e4 c5 2. Nf3 e6 3. c3 d5 4. exd5 exd5 5. d4 Nc6 6. Be2 cxd4 7. cxd4 Bd6 8. O-O Nge7 9. Nc3 O-O 10. Bg5 f6 11.
Bh4 Be6 12. Bg3 Nf5 13. Re1 Qd7 14. Bb5 a6 15. Bxc6 bxc6 16. Rc1 1-0

[Event "Late-Titled-Tuesday-Blitz-January-16-2024"]
[Site "Chess.com"]
[Date "2024.01.16"]
[Round "4"]
[White "laskakid"]
[Black "rdarruda"]
[Result "1/2-1/2"]
[WhiteElo "2320"]
[BlackElo "2501"]
[TimeControl "180+1"]
[EndTime "14:34:45 PST"]
[Termination "Game drawn by repetition"]

1. d4 Nf6 2. c4 e5 3. dxe5 Ne4 4. a3 Nc6 5. Nf3 d6 6. Qc2 d5 7. e3 Be6 8. Nbd2 Nxd2 9. Bxd2 d4 10.
Rd1 dxe3 11. Bxe3 Qe7 12. Be2 Rd8 13. O-O Rxd1 14. Rxd1 h6 15. Qe4 g6 16. Nd4 Bd7 17.
Nb5 Bf5 18. Qd5 Be6 19. Qe4 Bf5 20. Qd5 Be6 21. Qe4 Bf5 1/2-1/2

[Event "Late-Titled-Tuesday-Blitz-January-16-2024"]
[Site "Chess.com"]
[Date "2024.01.16"]
[Round "4"]
[White "chesspreceptor"]
[Black "aceontheturn"]
[Result "1-0"]
[WhiteElo "2582"]
[BlackElo "2747"]
[TimeControl "180+1"]
[EndTime "14:34:53 PST"]
[Termination "chesspreceptor won by resignation"]

1. e4 e6 2. d3 d5 3. Nd2 c5 4. g3 Nc6 5. Ngf3 Bd6 6. Bg2 Nge7 7.
O-O O-O 8. Re1 f6 9. c3 Bd7 10. Nf1 Qc7 11. h4 b5 12. h5 h6 13. Nh4 d4 14. cxd4 Nxd4 15. Be3 Rac8 16. Qd2 Be8 17. Rac1 Nec6 18. g4 Qa5 19. Qxa5 Nxa5 20. Bxd4 Bxh5 21. Bc3 b4 22. gxh5 bxc3 23. Rxc3 Be5 24. Rc2 Rfd8 25. Ng6 Bd4 26. Ne7+ 1-0

[Event "Late-Titled-Tuesday-Blitz-January-16-2024"]
[Site "Chess.com"]
[Date "2024.01.16"]
[Round "4"]
[White "Brahianzevich"]
[Black "infinitypoint"]
[Result "0-1"]
[WhiteElo "2436"]
[BlackElo "2593"]
[TimeControl "180+1"]
[EndTime "14:35:03 PST"]
[Termination "infinitypoint won by resignation"]

1. e4 c6 2. d4 d5 3. Nc3 dxe4 4. Nxe4 Nf6 5. Nxf6+ exf6 6. c3 Bd6 7. Bd3 O-O 8. Ne2 Re8 9. Qc2 h5 10. Be3 Nd7 11.
O-O-O Nf8 12. Ng3 Be6 13. Kb1 Rc8 14. Nf5 Bb8 15. g4 g6 16. Nh6+ Kg7 17. gxh5 Qa5 18. b3 Qxh5 19. Rdg1 Bd5 20. Nf5+ Kh8 21. Ng3 Bxg3 22.
hxg3 Bxh1 23. g4 Qh2 24. Qd1 Bf3 25. Qf1 Kg7 26. Rg3 Rxe3 0-1

[Event "Late-Titled-Tuesday-Blitz-January-16-2024"]
[Site "Chess.com"]
[Date "2024.01.16"]
[Round "4"]
[White "Doudou2015"]
[Black "SaiHanThiha"]
[Result "0-1"]
[WhiteElo "2212"]
[BlackElo "2582"]
[TimeControl "180+1"]
[EndTime "14:35:09 PST"]
[Termination "SaiHanThiha won by resignation"]

1. b3 Nf6 2. Bb2 d5 3. e3 Bf5 4. f4 e6 5. Nf3 Be7 6. Ne5 h6 7. Bd3 Bxd3 8. cxd3 O-O 9. O-O Nfd7 10. Rf3 Nxe5 11.
Bxe5 Nd7 12. Bc3 Bf6 13. Rg3 d4 14. Bb2 dxe3 15. Bxf6 Qxf6 16. Nc3 exd2 17. Qxd2 Rfd8 18. Rf1 Nc5 19. Qe2 Qxc3 20. Qg4 Qf6 21. f5 Rd4 22. Qh3 e5 0-1

[Event "Late-Titled-Tuesday-Blitz-January-16-2024"]
[Site "Chess.com"]
[Date "2024.01.16"]
[Round "4"]
[White "ChristopherYoo"]
[Black "SchmakAttack"]
[Result "1-0"]
[WhiteElo "2990"]
[BlackElo "2720"]
[TimeControl "180+1"]
[EndTime "14:35:11 PST"]
[Termination "ChristopherYoo won by resignation"]

1. Nf3 d5 2. e3 c5 3. b3 Nc6 4.
Bb5 e6 5. Bb2 Ne7 6. Ne5 Qc7 7.
Qh5 Nf5 8. O-O Bd6 9. f4 O-O 10.
g4 g6 11. Qh3 Nfe7 12. Bxc6 Nxc6 13. Nxc6 bxc6 14. Bf6 Re8 15. Rf3 e5 16. Qxh7+ 1-0

[Event "Late-Titled-Tuesday-Blitz-January-16-2024"]
[Site "Chess.com"]
[Date "2024.01.16"]
[Round "4"]
[White "treadstone_71"]
[Black "KVAIDAN"]
[Result "1-0"]
[WhiteElo "2280"]
[BlackElo "2365"]
[TimeControl "180+1"]
[EndTime "14:35:12 PST"]
[Termination "treadstone_71 won by checkmate"]

1. e4 e5 2. Nf3 d5 3. d4 dxe4 4. Nxe5 Bd6 5. Nc4 Nf6 6. Nc3 Nc6 7. Be3 Bf5 8. Be2 Qd7 9. O-O O-O-O 10. Nxd6+ Qxd6 11.
Nb5 Qd7 12. c3 a6 13. Na3 Nd5 14. Nc4 Nxe3 15. Nxe3 Bg6 16. b4 Ne7 17. a4 f5 18. f4 exf3 19. Bxf3 f4 20. Nc4 Nd5 21. Qb3 Bd3 22. Ne5 Qf5 23. Nxd3 Ne3 24. Ne5 Nxf1 25.
Rxf1 g5 26. Bg4 Qxg4 27. Nxg4 h5 28. Ne5 g4 29. b5 g3 30. bxa6 b6 31. Qe6+ Kb8 32.
Qc6 Ka7 33. Qb7# 1-0

[Event "Late-Titled-Tuesday-Blitz-January-16-2024"]
[Site "Chess.com"]
[Date "2024.01.16"]
[Round "4"]
[White "AldokhinIvan"]
[Black "eCztery"]
[Result "1-0"]
[WhiteElo "2575"]
[BlackElo "2424"]
[TimeControl "180+1"]
[EndTime "14:35:14 PST"]
[Termination "AldokhinIvan won by checkmate"]

1. e4 c5 2. Nf3 g6 3. d4 cxd4 4.
Nxd4 Nc6 5. Nc3 Bg7 6. Be3 Nf6 7. Bc4 O-O 8. Bb3 Ng4 9. Qxg4 Nxd4 10. Qd1 Nc6 11.
h4 h5 12. g4 hxg4 13. h5 gxh5 14. Rxh5 d6 15. Qd2 Ne5 16. O-O-O Be6 17. Bh6 Qa5 18.
Bxg7 Nd3+ 19. Qxd3 Qxh5 20. Bxf8 Rxf8 21. Nd5 Qg5+ 22. Kb1 Rc8 23. f4 gxf3 24. Qxf3 Bg4 25. Nxe7+ Kf8 26. Qxf7# 1-0

[Event "Late-Titled-Tuesday-Blitz-January-16-2024"]
[Site "Chess.com"]
[Date "2024.01.16"]
[Round "4"]
[White "SCIM"]
[Black "tptagain"]
[Result "0-1"]
[WhiteElo "2566"]
[BlackElo "2969"]
[TimeControl "180+1"]
[EndTime "14:35:16 PST"]
[Termination "tptagain won by resignation"]

1. d4 d5 2. c4 e6 3. Nf3 c6 4. g3 dxc4 5. Bg2 b5 6. O-O Bb7 7. b3 cxb3 8. axb3 Nf6 9. Nc3 Nbd7 10. Qc2 Be7 11. e4 O-O 12. e5 Nd5 13. Nxd5 cxd5 14.
Qd3 a5 15. Bd2 b4 16. Rfc1 Ba6 17. Qb1 Bb5 18. h4 h6 19. h5 Qb6 20. g4 Rfc8 21. g5 hxg5 22. Bxg5 Bxg5 23. Nxg5 Rxc1+ 24. Qxc1 Qxd4 25. h6 gxh6 26. Nf3 Qc3 27. Qd1 Be2 28. Qxe2 Qxa1+ 29. Kh2 Qc3 0-1

[Event "Late-Titled-Tuesday-Blitz-January-16-2024"]
[Site "Chess.com"]
[Date "2024.01.16"]
[Round "4"]
[White "aghasiyevkamal"]
[Black "ThaBarWa"]
[Result "1-0"]
[WhiteElo "2618"]
[BlackElo "2398"]
[TimeControl "180+1"]
[EndTime "14:35:17 PST"]
[Termination "aghasiyevkamal won by resignation"]

1. e4 c6 2. Nc3 d5 3. Nf3 dxe4 4. Nxe4 Nf6 5. Qe2 Nxe4 6. Qxe4 Qd5 7. Qf4 Qf5 8. Qe3 Qe6 9. b3 Qxe3+ 10. fxe3 f6 11.
Bb2 e5 12. d4 Bb4+ 13. c3 Bd6 14. O-O-O e4 15. Nd2 Bf5 16. Bc4 b5 17. Rdf1 Bg6 18. Be6 Ke7 19. Bf5 Bxf5 20. Rxf5 g6 21. Rf2 f5 22. g4 f4 23. exf4 Rf8 24. f5 Nd7 25.
Nxe4 gxf5 26. gxf5 Rg8 27. f6+ Ke6 28. Re1 1-0

[Event "Late-Titled-Tuesday-Blitz-January-16-2024"]
[Site "Chess.com"]
[Date "2024.01.16"]
[Round "4"]
[White "Matrix3x3a"]
[Black "roxannyzoldyck"]
[Result "1-0"]
[WhiteElo "2469"]
[BlackElo "2213"]
[TimeControl "180+1"]
[EndTime "14:35:19 PST"]
[Termination "Matrix3x3a won by resignation"]

1. d4 Nf6 2. c4 g6 3. Nc3 Bg7 4.
e4 d6 5. Be2 O-O 6. Be3 e5 7.
Nf3 Nc6 8. d5 Ne7 9. Nd2 Ne8 10.
b4 f5 11. f3 f4 12. Bf2 Rf7 13. c5 Bf8 14. Nc4 g5 15. a4 Ng6 16. a5 Rg7 17. cxd6 cxd6 18. Nb5 Nf6 19. Nxa7 g4 20. Nxc8 Rxc8 21.
Nb6 gxf3 22. Bxf3 Rc3 23. Rc1 Rxc1 24. Qxc1 Rc7 25. Qd2 Nd7 26. O-O Nxb6 27. Bxb6 Qc8 28. Bxc7 Qxc7 29. Rc1 1-0

[Event "Late-Titled-Tuesday-Blitz-January-16-2024"]
[Site "Chess.com"]
[Date "2024.01.16"]
[Round "4"]
[White "GoltsevDmitry2000"]
[Black "JM2005GM"]
[Result "1-0"]
[WhiteElo "2739"]
[BlackElo "2557"]
[TimeControl "180+1"]
[EndTime "14:35:24 PST"]
[Termination "GoltsevDmitry2000 won by resignation"]

1. e4 c5 2. Nf3 d6 3. d4 cxd4 4. Nxd4 Nf6 5. Nc3 a6 6. Be2 e5 7.
Nf5 Bxf5 8. exf5 h6 9. Bf3 Nc6 10. Be3 Be7 11. Nd5 Nxd5 12. Bxd5 O-O 13. h4 Rc8 14. c3 Na5 15. Rh3 Nc4 16. Bxh6 gxh6 17. Rg3+ Kh8 18. Qh5 1-0

[Event "Late-Titled-Tuesday-Blitz-January-16-2024"]
[Site "Chess.com"]
[Date "2024.01.16"]
[Round "4"]
[White "PawelCzarnota"]
[Black "Russian_berezka"]
[Result "0-1"]
[WhiteElo "2790"]
[BlackElo "2595"]
[TimeControl "180+1"]
[EndTime "14:35:28 PST"]
[Termination "Russian_berezka won by resignation"]

1. e4 g6 2. d4 Bg7 3. Nc3 d5 4. exd5 Nf6 5. Bc4 O-O 6. Nge2 Nbd7 7. Bb3 Nb6 8. Nf4 a5 9. a4 Bg4 10. f3 Bf5 11. O-O g5 12. Nd3 h6 13. Nc5 Rb8 14. Qe2 Nfxd5 15. Nxd5 Nxd5 16. c3 b6 17. Nd3 c5 18. Ne5 Qd6 19. f4 cxd4 20. cxd4 Nxf4 21. Bxf4 Qxd4+ 22. Qe3 Bxe5 23. Bxg5 hxg5 0-1

[Event "Late-Titled-Tuesday-Blitz-January-16-2024"]
[Site "Chess.com"]
[Date "2024.01.16"]
[Round "4"]
[White "NMJeevanK"]
[Black "sansanathalia"]
[Result "1-0"]
[WhiteElo "2580"]
[BlackElo "2374"]
[TimeControl "180+1"]
[EndTime "14:35:29 PST"]
[Termination "NMJeevanK won by resignation"]

1. e4 c5 2. Nc3 d6 3. f4 Nf6 4.
Nf3 e6 5. Bb5+ Bd7 6. Bc4 Be7 7. O-O a6 8. e5 Ng8 9. exd6 Bxd6 10. f5 e5 11. Ne4 Qe7 12. Nxd6+ Qxd6 13. Nxe5 Nh6 14.
d4 cxd4 15. Bxh6 Qxh6 16. Nxf7 Qc6 17. Qxd4 Kf8 18. Nxh8 b5 19. Bd5 Qd6 20. Rae1 Nc6 21. Ng6+ 1-0

[Event "Late-Titled-Tuesday-Blitz-January-16-2024"]
[Site "Chess.com"]
[Date "2024.01.16"]
[Round "4"]
[White "Nf3c5"]
[Black "enriquetejedor"]
[Result "0-1"]
[WhiteElo "2557"]
[BlackElo "2739"]
[TimeControl "180+1"]
[EndTime "14:35:31 PST"]
[Termination "enriquetejedor won on time"]

1. d4 d5 2. Nf3 Nc6 3. Bf4 f6 4.
e3 g5 5. Bg3 h5 6. h4 g4 7. Ng1 Nh6 8. Bd3 Nf5 9. Ne2 e5 10.
dxe5 fxe5 11. e4 dxe4 12. Bxe4 Qxd1+ 13. Kxd1 Bc5 14. Nd2 Be6 15. Bxc6+ bxc6 16. Ne4 O-O-O+ 17. Ke1 Bb6 18. Rd1 Bd5 19. N2c3 Ba5 20. Kf1 Bxe4 21. Rxd8+ Rxd8 0-1

[Event "Late-Titled-Tuesday-Blitz-January-16-2024"]
[Site "Chess.com"]
[Date "2024.01.16"]
[Round "4"]
[White "hsd2016"]
[Black "Actuary44"]
[Result "0-1"]
[WhiteElo "2282"]
[BlackElo "2493"]
[TimeControl "180+1"]
[EndTime "14:35:31 PST"]
[Termination "Actuary44 won by resignation"]

1. Nf3 d6 2. g3 e5 3. Bg2 f5 4. d3 g6 5. O-O Bg7 6. c4 Nf6 7. Nc3 O-O 8. Re1 h6 9. e4 Nc6 10. Be3 g5 11. exf5 Bxf5 12. Qd2 Qd7 13. Rad1 Bh3 14.
d4 Bxg2 15. Kxg2 e4 16. Ng1 Rae8 17. h3 Qf5 18. Qc2 Nb4 19. Qb3 Nd3 20. Re2 Nf4+ 21. Kh2 Nxe2 22. Ngxe2 b6 23. d5 Nd7 24. Nd4 Bxd4 25. Bxd4 Ne5 0-1

[Event "Late-Titled-Tuesday-Blitz-January-16-2024"]
[Site "Chess.com"]
[Date "2024.01.16"]
[Round "4"]
[White "Ajedrecista3000"]
[Black "IlanSchnaider"]
[Result "0-1"]
[WhiteElo "2580"]
[BlackElo "2810"]
[TimeControl "180+1"]
[EndTime "14:35:37 PST"]
[Termination "IlanSchnaider won by resignation"]

1. d4 Nf6 2. c4 e6 3. Nc3 d5 4.
Bg5 Be7 5. Nf3 O-O 6. e3 c6 7. Qc2 b6 8. cxd5 cxd5 9. Bd3 h6 10. Bf4 Ba6 11. Bxa6 Nxa6 12. Qa4 Nb4 13. O-O Nd3 14. Rab1 Nxf4 15. exf4 a6 16. Ne5 b5 17. Qd1 Rc8 18.
Qe2 Qb6 19. Rfd1 Rc7 20. g4 b4 21. Na4 Qb5 22. Qxb5 axb5 23. Nc5 Bxc5 24. dxc5 Ne4 25. Rd4 f6 26. Nd3 Nd2 0-1

[Event "Late-Titled-Tuesday-Blitz-January-16-2024"]
[Site "Chess.com"]
[Date "2024.01.16"]
[Round "4"]
[White "jinxy2009"]
[Black "dianamirza"]
[Result "1-0"]
[WhiteElo "2253"]
[BlackElo "1996"]
[TimeControl "180+1"]
[EndTime "14:35:38 PST"]
[Termination "jinxy2009 won by resignation"]

1. e4 d5 2. exd5 Qxd5 3. Nc3 Qd8 4. d4 Nf6 5. Nf3 Bg4 6. h3 Bxf3 7. Qxf3 c6 8. Be3 e6 9. O-O-O Bb4 10. Ne4 Nbd7 11.
c3 Be7 12. Bd3 Qa5 13. Nxf6+ Nxf6 14. Bb1 O-O-O 15. Bf4 Nd5 16. Bd2 h5 17. Rhe1 Bf6 18.
Qd3 g5 19. Qc2 Nf4 20. Bxf4 gxf4 21. f3 Rhg8 22. Re2 Rg5 23. Qh7 Rdg8 24. Qxf7 Bd8 25.
Qxe6+ Kb8 26. Re5 Rxe5 27. Qxe5+ Qxe5 28. dxe5 Kc7 29. Bf5 Bh4 30. Rd7+ Kc8 31. Rg7+ 1-0

[Event "Late-Titled-Tuesday-Blitz-January-16-2024"]
[Site "Chess.com"]
[Date "2024.01.16"]
[Round "4"]
[White "TangerineandLemon25"]
[Black "frederiksvane"]
[Result "0-1"]
[WhiteElo "2608"]
[BlackElo "2899"]
[TimeControl "180+1"]
[EndTime "14:35:39 PST"]
[Termination "frederiksvane won by checkmate"]

1. e4 e6 2. d4 d5 3. Nd2 c5 4. Ngf3 cxd4 5. Nxd4 Nc6 6. Bb5 Bd7 7.
Nxc6 bxc6 8. Bd3 Ne7 9. O-O Ng6 10. Nf3 Bd6 11. b3 O-O 12. Bb2 Qc7 13. c4 dxe4 14.
Bxe4 f5 15. Bc2 e5 16. Qd2 Rad8 17. Rad1 Bc8 18. Qe2 e4 19. c5 Bf4 20. g3 exf3 21. Qc4+ Kh8 22. gxf4 Nxf4 23. Kh1 Be6 24. Qc3 Bd5 25.
Rg1 Rd7 26. Qe3 Nh3 27. Bxf5 Rxf5 28. Qe8+ Bg8 29. Rxd7 Nxf2# 0-1

[Event "Late-Titled-Tuesday-Blitz-January-16-2024"]
[Site "Chess.com"]
[Date "2024.01.16"]
[Round "4"]
[White "Vlad_Lukiianchuk"]
[Black "JG-17"]
[Result "0-1"]
[WhiteElo "2606"]
[BlackElo "2479"]
[TimeControl "180+1"]
[EndTime "14:35:52 PST"]
[Termination "JG-17 won on time"]

1. d4 d5 2. c4 e6 3. Nf3 Nf6 4. e3 b6 5. Nc3 Bb7 6. cxd5 exd5 7. Bb5+ c6 8. Bd3 Bd6 9. Ne5 O-O 10. f4 c5 11. Qf3 Re8 12. O-O Nc6 13. Nxc6 Bxc6 14. Bd2 Ne4 15. Rad1 cxd4 16. exd4 Qf6 17. Be3 Qe7 18. Bxe4 dxe4 19. Qe2 Rad8 20. f5 Qh4 21. g3 Qh3 22. Bf4 e3 23. d5 Bd7 24.
Bxd6 Bxf5 25. Bc7 Bg4 26. Qd3 e2 27. Bxd8 exd1=Q 28. Nxd1 Be2 0-1

[Event "Late-Titled-Tuesday-Blitz-January-16-2024"]
[Site "Chess.com"]
[Date "2024.01.16"]
[Round "4"]
[White "stasOR4ik"]
[Black "Lennis93"]
[Result "0-1"]
[WhiteElo "2422"]
[BlackElo "2722"]
[TimeControl "180+1"]
[EndTime "14:35:56 PST"]
[Termination "Lennis93 won by checkmate"]

1. e4 c5 2. c3 Nf6 3. e5 Nd5 4. Nf3 Nb6 5. a4 d5 6. a5 N6d7 7. d4 e6 8. Bb5 a6 9. Bd3 Nc6 10. O-O cxd4 11. cxd4 Nxa5 12. Nc3 Nc6 13. Bg5 Be7 14. Bxe7 Qxe7 15. Nb5 O-O 16. Nd6 f6 17.
h4 fxe5 18. dxe5 Ndxe5 19. Bxh7+ Kxh7 20. Ng5+ Kh6 21. Qc2 g6 22. f4 Ng4 23. Qc3 Qxd6 24. h5 gxh5 25. Rae1 Bd7 26. f5 Qh2# 0-1

[Event "Late-Titled-Tuesday-Blitz-January-16-2024"]
[Site "Chess.com"]
[Date "2024.01.16"]
[Round "4"]
[White "TheMagician"]
[Black "Bkmzzzzz"]
[Result "0-1"]
[WhiteElo "2149"]
[BlackElo "2391"]
[TimeControl "180+1"]
[EndTime "14:35:57 PST"]
[Termination "Bkmzzzzz won by resignation"]

1. d4 d5 2. c4 dxc4 3. Nc3 a6 4. a4 Nc6 5. e3 Na5 6. Nf3 Nf6 7. Ne5 c5 8. Nxc4 cxd4 9. exd4 e6 10. Ne5 Be7 11. Be2 O-O 12. O-O b6 13. Bf3 Bb7 14. Bxb7 Nxb7 15. Nc6 Qc7 16. Nxe7+ Qxe7 17. Bg5 h6 18. Bh4 Rfd8 19. Qf3 Nd6 20. Rfe1 Ra7 21. Nd5 exd5 22.
Rxe7 Rxe7 23. Bxf6 gxf6 24. Qxf6 Rde8 25. Qxd6 Re1+ 0-1

[Event "Late-Titled-Tuesday-Blitz-January-16-2024"]
[Site "Chess.com"]
[Date "2024.01.16"]
[Round "4"]
[White "IranianCheetah"]
[Black "campochess"]
[Result "1-0"]
[WhiteElo "2368"]
[BlackElo "2138"]
[TimeControl "180+1"]
[EndTime "14:36:00 PST"]
[Termination "IranianCheetah won by resignation"]

1. e4 c5 2. Nf3 Nc6 3. d4 cxd4 4.
Nxd4 e5 5. Nb5 a6 6. Nd6+ Bxd6 7. Qxd6 Qe7 8. Qd1 Nf6 9. Nc3 h6 10. Bc4 d6 11. O-O Be6 12. Nd5 Bxd5 13. Bxd5 Nxd5 14. exd5 Nb8 15. c4 Nd7 16. Qc2 Rc8 17. b3 O-O 18. Ba3 f5 19. Rac1 b6 20. b4 Nf6 21. Qd3 e4 22.
Qd4 f4 23. c5 bxc5 24. bxc5 Qd7 25. c6 Qg4 26. f3 exf3 27. Rxf3 Rfe8 28. Rxf4 Qe2 29. Bb2 Qb5 30. Rxf6 gxf6 31. Qxf6 Qb6+ 32. Kh1 1-0

[Event "Late-Titled-Tuesday-Blitz-January-16-2024"]
[Site "Chess.com"]
[Date "2024.01.16"]
[Round "4"]
[White "ChessSwole"]
[Black "Bala-Afiada"]
[Result "1-0"]
[WhiteElo "2647"]
[BlackElo "2033"]
[TimeControl "180+1"]
[EndTime "14:36:03 PST"]
[Termination "ChessSwole won by checkmate"]

1. e4 c5 2. Nf3 Nc6 3. c3 Nf6 4. e5 Nd5 5. Bc4 Nb6 6. Bb3 c4 7. Bc2 Qc7 8. Qe2 d6 9. exd6 Qxd6 10. O-O Bg4 11. b3 cxb3 12. axb3 e6 13. Na3 a6 14. d4 Nd5 15. Nc4 Qc7 16. Bd2 Be7 17.
h3 Bh5 18. Rfe1 Bg6 19. Bxg6 hxg6 20. Rac1 O-O 21. Nce5 Nxe5 22. Nxe5 Bd6 23. Nxg6 Nf4 24. Bxf4 Bxf4 25. Nxf4 Qxf4 26. Qe4 Qc7 27. c4 Rfd8 28. Rcd1 Qb6 29. Re3 Rac8 30. Rg3 Qb4 31. Qe5 g6 32. h4 b5 33. h5 bxc4 34. hxg6 fxg6 35. Rxg6+ Kf8 36.
Qf6+ Ke8 37. Qxe6+ Kf8 38. Rg8# 1-0

[Event "Late-Titled-Tuesday-Blitz-January-16-2024"]
[Site "Chess.com"]
[Date "2024.01.16"]
[Round "4"]
[White "miraitrunks"]
[Black "imdarealist"]
[Result "0-1"]
[WhiteElo "2081"]
[BlackElo "2263"]
[TimeControl "180+1"]
[EndTime "14:36:03 PST"]
[Termination "imdarealist won by resignation"]

1. e4 e5 2. Nf3 Nf6 3. Nxe5 d6 4. Nc4 Nxe4 5. d4 d5 6. Ne3 c6 7. c4 dxc4 8. Bxc4 Bb4+ 9. Bd2 Nxd2 10. Nxd2 Qxd4 11. Qc2 Qxd2+ 12. Qxd2 Bxd2+ 13. Kxd2 O-O 14. Kc3 Nd7 15. Rad1 Nf6 16. f3 b5 17. Bb3 a5 18. a3 c5 19. g4 c4 20. Bc2 Be6 21.
g5 Nd7 22. Be4 Rab8 23. Nd5 Nc5 24. h4 Nxe4+ 25. fxe4 Bxd5 26. Rxd5 Rfe8 27. e5 f6 28.
gxf6 gxf6 29. exf6 Re3+ 30. Kd4 Rd3+ 31. Kc5 Rc8+ 0-1